 Dungeon Crawl Stone Soup version 0.20-b1-24-gb21faa7 (webtiles) character file.

12105 vatarom the Commander (level 11, -5/85 HPs)
             Began as a Demonspawn Gladiator on May 25, 2017.
             Was a High Priest of Okawaru.
             Slain by Frances
             ... wielding a +0 battleaxe of chopping
              (8 damage)
             ... on level 12 of the Dungeon.
             The game lasted 00:26:45 (12129 turns).

vatarom the Commander (Demonspawn Gladiator)       Turns: 12129, Time: 00:26:46

Health: -5/85      AC: 14    Str: 16    XL:     11   Next: 58%
Magic:  12/18      EV: 22    Int: 10    God:    Okawaru [*****.]
Gold:   490        SH:  0    Dex: 18    Spells: 10/10 levels left

rFire    . . .     SeeInvis +   C - +4 quarterstaff (chaos)
rCold    + + .     Gourm    +   (shield currently unavailable)
rNeg     . . .     Faith    .   H - +0 troll leather armour
rPois    .         Spirit   .   (helmet restricted)
rElec    +         Reflect  .   E - +0 cloak
rCorr    .         Harm     .   w - +1 pair of gloves
MR       .....     Clarity  +   h - +0 pair of boots
Stlth    +++.......             e - amulet of the gourmand
Regen    0.0/turn               l - ring of protection from cold
MPRegen  0.2/turn               A - ring of see invisible

@: heroism, finesse, hasted, very quick
A: horns 1, yellow scales 1, agile 1, clarity, cold resistance 1, shaggy fur 1,
electricity resistance, inhibited regeneration, spiny 1
a: Heroism, Finesse, Renounce Religion


You were on level 12 of the Dungeon.
You worshipped Okawaru.
Okawaru was extremely pleased with you.
You were very full.

You visited 2 branches of the dungeon, and saw 13 of its levels.

You collected 515 gold pieces.
You spent 25 gold pieces at shops.

Inventory:

Hand Weapons
 o - a +0 blowgun
 C - a +4 quarterstaff of chaos (weapon)
Missiles
 a - 5 silver javelins (quivered)
 b - 6 needles of confusion
 d - 3 needles of sleeping
 p - 38 poisoned needles
Armour
 h - a +0 pair of boots (worn)
 w - a +1 pair of gloves (worn)
 E - a +0 cloak (worn)
 H - a +0 troll leather armour (worn)
Jewellery
 e - an amulet of the gourmand (around neck)
 l - a ring of protection from cold (left hand)
 A - a ring of see invisible (right hand)
Wands
 r - a wand of digging (12/24)
 s - a wand of flame (20/48)
 u - a wand of flame (31/48)
 v - a wand of lightning (0/15)
 z - a wand of digging (15/24)
 G - a wand of digging (8/24)
Scrolls
 g - 4 scrolls of fog
 i - a scroll of magic mapping
 k - 9 scrolls of remove curse
 q - 10 scrolls of teleportation
 t - 9 scrolls of identify
 y - 2 scrolls of enchant armour
Potions
 c - a potion of lignification
 m - a potion of resistance
 x - 2 potions of haste
 B - a potion of agility
Comestibles
 f - 4 bread rations
 j - 7 fruits
 n - 7 meat rations
 D - a royal jelly
 I - 3 chunks of flesh


   Skills:
 - Level 7.6(12.6) Fighting
 + Level 9.0(14.0) Staves
 * Level 5.5(10.5) Throwing
 * Level 5.4(10.4) Armour
 - Level 8.6(13.6) Dodging
 - Level 10.0 Invocations


You had 10 spell levels left.
You didn't know any spells.

Dungeon Overview and Level Annotations

Branches:
Dungeon (12/15)            Temple (1/1) D:5            Lair (0/6) D:8
    Orc (0/2) D:10

Altars:
Ashenzari
Cheibriados
Dithmenos
Elyvilon
Fedhas
Gozag
Hepliaklqana
Kikubaaqudgha
Makhleb
Nemelex Xobeh
Okawaru
Qazlal
Ru
Sif Muna
Trog
Uskayaw
Vehumet
Xom
Yredelemnul
Zin
The Shining One
Beogh

Shops:
D:6 *

Annotations:
D:12 Frances


Innate Abilities, Weirdness & Mutations

You have a pair of small horns on your head.
You are partially covered in yellow scales. (AC +2)
Your flesh is cold resistant. (rC+)
You are partially covered in sharp spines.
You are agile. (Dex +2)
You possess an exceptional clarity of mind.
You are covered in fur. (AC +1)
You are resistant to electric shocks. (rElec)
You do not regenerate when monsters are visible.


Message History

The soul eater draws from the surrounding life force!
* * * LOW HITPOINT WARNING * * *
Unknown command.
Unknown command.
Unknown command.
You thump Frances! You freeze Frances. You headbutt Frances, but do no damage.
Frances is heavily wounded.
You thump Frances!
Frances's magic leaks into the air.
Your headbutt misses Frances.
Frances is severely wounded.
Frances closely misses you.
You closely miss Frances.
Frances is severely wounded.
You sock Frances! Your headbutt misses Frances.
Frances is severely wounded.
You sock Frances! You freeze Frances. Your headbutt misses Frances.
Frances is almost dead.
Frances is struck by your spines.
Frances hits you with a battleaxe of chopping!
You die...

#.#.#
##.##........K
####.#.#
#.(#.........
#....#.#
##.#.........
####....#.#
#.#........(
........#.#
#)#.........
.###...##.#
#)#KK.......
.# #...##.#
#K3344......
.# ######.#
##@#O####...
.###### #.#
#@#.O. ......#
#.# #.#.###
.####.# #.#
#.#.# .####.#
#.# ....#
...(..###.#
##.#.#
......#.#.#
#...#
......#...#
##. #
..........# .
###.#.#.#.# ..


You could see Frances (invisible), 2 soul eaters and 3 kobolds.

Vanquished Creatures
  3 two-headed ogres
  Urug (D:12)
  Nergalle (D:10)
  An unseen horror (D:11)
  Pikel (D:7)
  Joseph (D:7)
  A centaur skeleton (D:11)
  A komodo dragon (D:12)
  A troll (D:11)
  The ghost of FakerFangirl the Cudgeler, an amateur DrFi (D:4)
  2 hornets
  A hippogriff (D:7)
  A wraith (D:12)
  2 steam dragons (D:11)
  Menkaure (D:7)
  4 orc warriors
  7 sky beasts
  3 ice beasts
  A black bear (D:8)
  4 phantoms
  5 ogres
  3 centaurs
  2 necrophages
  5 big kobolds
  3 bullfrogs
  3 scorpions
  8 killer bees
  8 howler monkeys
  3 crimson imps
  A bullfrog skeleton (D:7)
  2 centaur zombies
  3 bullfrog zombies
  5 hounds
  A gnoll shaman (D:7)
  7 orc priests
  Crazy Yiuf (D:7)
  3 jellies
  Terence (D:2)
  3 iguanas
  11 orc wizards
  8 worker ants
  A hound skeleton (D:4)
  2 howler monkey skeletons
  10 adders
  3 gnolls (D:7)
  A shadow imp (D:5)
  3 oozes
  An adder skeleton (D:4)
  6 worms
  3 dart slugs (D:2)
  5 leopard geckos
  37 orcs
  5 giant cockroaches
  11 goblins
  7 hobgoblins
  13 jackals
  6 quokkas
  A ball python (D:1)
  15 bats
  4 frilled lizards
  A jackal skeleton (D:4)
  35 kobolds
  A leopard gecko skeleton (D:5)
  2 quokka skeletons
  12 rats
309 creatures vanquished.

Vanquished Creatures (collateral kills)
  A big kobold (D:10)
  2 kobolds (D:10)
3 creatures vanquished.

Vanquished Creatures (others)
  A crimson imp (D:7)
  An orc (D:8)
2 creatures vanquished.

Grand Total: 314 creatures vanquished

Notes
Turn   | Place    | Note
-------+----------+-------------------------------------------
     0 | D:1      | vatarom the Demonspawn Gladiator began the quest for the Orb.
     0 | D:1      | Reached XP level 1. HP: 16/16 MP: 1/1
   125 | D:1      | Gained mutation: You are partially covered in yellow scales. (AC +2) [demonic ancestry]
   125 | D:1      | Reached XP level 2. HP: 15/22 MP: 2/2
   533 | D:1      | Reached XP level 3. HP: 26/27 MP: 3/3
  1425 | D:2      | Gained mutation: Your flesh is cold resistant. (rC+) [demonic ancestry]
  1425 | D:2      | Reached XP level 4. HP: 33/33 MP: 4/4
  1713 | D:2      | Noticed Terence
  1725 | D:2      | Killed Terence
  1822 | D:2      | Found a white marble altar of Elyvilon.
  1981 | D:3      | Reached XP level 5. HP: 8/38 MP: 5/5
  2622 | D:3      | Noticed an ogre
  2636 | D:3      | Killed an ogre
  2636 | D:3      | Reached XP level 6. HP: 12/44 MP: 6/6
  2914 | D:3      | Found a glowing golden altar of the Shining One.
  3422 | D:4      | Found a shadowy altar of Dithmenos.
  3474 | D:4      | Noticed FakerFangirl's ghost (amateur DrFi)
  3490 | D:4      | Killed FakerFangirl's ghost
  3490 | D:4      | Gained mutation: You are partially covered in sharp spines. [demonic ancestry]
  3490 | D:4      | Reached XP level 7. HP: 54/54 MP: 7/7
  3804 | D:4      | Reached skill level 5 in Staves
  4150 | D:5      | Entered Level 5 of the Dungeon
  4170 | D:5      | Found an ancient bone altar of Kikubaaqudgha.
  4184 | D:5      | You fall through a shaft!
  4308 | D:5      | Got a scorched whip
  4309 | D:5      | Identified the cursed +1 whip "Neiwo" {speed, rPois rF+ Int+4} (You found it on level 5 of the Dungeon)
  4334 | D:5      | Reached skill level 5 in Fighting
  4338 | D:5      | Gained mutation: You are covered in fur. (AC +1) [mutagenic meat]
  4339 | D:5      | Gained mutation: Armour fits poorly on your strangely shaped body. [mutagenic meat]
  4340 | D:5      | Gained mutation: You have sharp toenails. [mutagenic meat]
  4341 | D:5      | Gained mutation: You are resistant to hostile enchantments. (MR+) [mutagenic meat]
  4343 | D:5      | Lost mutation: You have sharp toenails. [mutagenic meat]
  4478 | D:5      | Reached XP level 8. HP: 51/63 MP: 8/8
  4504 | D:5      | Found a staircase to the Ecumenical Temple.
  4510 | Temple   | Entered the Ecumenical Temple
  4628 | Temple   | Became a worshipper of Warmaster Okawaru
  4965 | D:6      | Found an opulent altar of Gozag.
  5279 | D:6      | Found Bijoicw's Assorted Antiques.
  5291 | D:6      | Bought a scroll labeled COSTRE JUZOA for 25 gold pieces
  5493 | D:6      | Reached * piety under Okawaru
  5777 | D:6      | Found a shattered altar of Ashenzari.
  5810 | D:6      | Reached skill level 1 in Armour
  6042 | D:7      | Noticed Menkaure
  6054 | D:7      | Killed Menkaure
  6054 | D:7      | Reached XP level 9. HP: 23/73 MP: 9/9
  6838 | D:7      | Reached skill level 1 in Invocations
  6889 | D:7      | Reached ** piety under Okawaru
  6893 | D:7      | Gained mutation: You are resistant to electric shocks. (rElec) [mutagenic meat]
  6894 | D:7      | Gained mutation: You are dopey. (Int -2) [mutagenic meat]
  6895 | D:7      | Lost mutation: You are resistant to hostile enchantments. (MR+) [mutagenic meat]
  6896 | D:7      | Gained mutation: You do not regenerate when monsters are visible. [mutagenic meat]
  6944 | D:7      | Reached skill level 2 in Invocations
  6986 | D:7      | Noticed Joseph
  7008 | D:7      | Killed Joseph
  7008 | D:7      | Reached skill level 5 in Dodging
  7008 | D:7      | Reached skill level 3 in Invocations
  7087 | D:7      | Reached skill level 4 in Invocations
  7112 | D:7      | Noticed Pikel
  7134 | D:7      | Killed Pikel
  7134 | D:7      | Reached skill level 5 in Invocations
  7707 | D:7      | Found a runed door.
  7813 | D:7      | Noticed Crazy Yiuf
  7817 | D:7      | Killed Crazy Yiuf
  7914 | D:7      | Reached skill level 6 in Invocations
  8119 | D:8      | Found a staircase to the Lair.
  8127 | D:8      | Gained mutation: You have a pair of small horns on your head. [demonic ancestry]
  8127 | D:8      | Reached XP level 10. HP: 80/80 MP: 14/14
  8527 | D:8      | Reached *** piety under Okawaru
  8619 | D:8      | Reached skill level 7 in Invocations
  8929 | D:9      | Received a gift from Okawaru
  9636 | D:9      | Noticed a two-headed ogre
  9653 | D:9      | Killed a two-headed ogre
  9653 | D:9      | Received a gift from Okawaru
  9653 | D:9      | Reached skill level 8 in Invocations
 10260 | D:10     | Entered Level 10 of the Dungeon
 10279 | D:10     | Lost mutation: You are dopey. (Int -2) [potion of mutation]
 10279 | D:10     | Lost mutation: Armour fits poorly on your strangely shaped body. [potion of mutation]
 10279 | D:10     | Gained mutation: You are agile. (Dex +2) [potion of mutation]
 10279 | D:10     | Gained mutation: You possess an exceptional clarity of mind. [potion of mutation]
 10408 | D:10     | Noticed Nergalle
 10420 | D:10     | Noticed a spectral orc warlord
 10423 | D:10     | Killed Nergalle
 10423 | D:10     | Reached **** piety under Okawaru
 10423 | D:10     | Reached skill level 9 in Invocations
 10628 | D:10     | Found a staircase to the Orcish Mines.
 10641 | D:10     | Found a roughly hewn altar of Beogh.
 10941 | D:10     | Noticed a two-headed ogre
 10947 | D:10     | Killed a two-headed ogre
 10947 | D:10     | Reached XP level 11. HP: 74/85 MP: 18/18
 11137 | D:11     | Reached skill level 10 in Invocations
 11517 | D:11     | Noticed a two-headed ogre
 11527 | D:11     | Killed a two-headed ogre
 11527 | D:11     | Reached ***** piety under Okawaru
 11760 | D:11     | Noticed an unseen horror
 11768 | D:11     | Killed an unseen horror
 11768 | D:11     | Received a gift from Okawaru
 11860 | D:12     | Paralysed by a hornet for 3 turns
 11874 | D:12     | Reached skill level 5 in Throwing
 11974 | D:12     | Noticed Urug
 11983 | D:12     | Killed Urug
 11983 | D:12     | Reached skill level 5 in Armour
 12104 | D:12     | Noticed Frances
 12106 | D:12     | Noticed a soul eater
 12106 | D:12     | Noticed a soul eater
 12124 | D:12     | HP: 3/85 [soul eater/drain life[Frances] (12)]
 12129 | D:12     | Slain by Frances

Skill      XL: |  1  2  3  4  5  6  7  8  9 10 11 |
---------------+----------------------------------+-----
Throwing       | 2 3 5 |  5.5
Staves         | 3 4 5 6 7 8 9 |  9.0
Dodging        | 3 4 6 8 |  8.6
Fighting       | 4 5 7 |  7.6
Armour         | 2 3 5 |  5.4
Invocations    | 6 9 10 | 10.0

Action                   |  1- 3 |  4- 6 |  7- 9 | 10-12 || total
-------------------------+-------+-------+-------+-------++-------
Melee: Quarterstaff      |   131 |   271 |   278 |   311 ||   991
       Headbutt          |       |       |       |    59 ||    59
Throw: Throwing net      |       |     2 |     3 |     1 ||     6
       Javelin           |       |       |       |     2 ||     2
Invok: Heroism           |       |       |     2 |     3 ||     5
       Finesse           |       |       |       |     2 ||     2
Evoke: Wand              |       |     5 |       |     3 ||     8
  Use: Scroll            |     3 |     6 |     5 |    13 ||    27
       Potion            |     4 |     4 |     5 |     5 ||    18
 Stab: Sleeping          |       |     1 |     1 |     5 ||     7
       Held in net/web   |       |       |     1 |     1 ||     2
       Paralysed         |       |       |       |     4 ||     4
  Eat: Chunk             |     8 |    12 |    21 |    13 ||    54
       Bread ration      |       |       |     1 |       ||     1
Armor: Leather armour    |    53 |    69 |    58 |    47 ||   227
       Troll leather arm |       |       |       |    11 ||    11
Dodge: Dodged            |   116 |   201 |   141 |   222 ||   680
